 Dungeon Crawl Stone Soup version 0.23-a0-642-g3120c2f5a9 (webtiles) character file.

104 HereIgoKillingAgain the Ruffian (level 4, -7/37 HPs)
             Began as a Naga Fighter on Dec 31, 2018.
             Killed by divine providence
             ... invoked by an orc priest
              (16 damage)
             ... on level 3 of the Dungeon.
             The game lasted 00:02:14 (2640 turns).

HereIgoKillingAgain the Ruffian (Naga Fighter)      Turns: 2640, Time: 00:02:15

Health: -7/37      AC:  4    Str: 18    XL:     4   Next: 80%
Magic:  4/4        EV:  7    Int: 11    God:
Gold:   180        SH:  0    Dex: 11    Spells: 3/3 levels left

rFire    . . .     SeeInvis +   b - +2 halberd (venom)
rCold    . . .     Gourm    .   (shield currently unavailable)
rNeg     . . .     Faith    .   a - +0 scale mail
rPois    +         Spirit   .   (no helmet)
rElec    .         Reflect  .   (no cloak)
rCorr    .         Harm     .   (no gloves)
MR       .....                  (no barding)
Stlth    ..........             (no amulet)
HPRegen  0.12/turn              (no ring)
MPRegen  0.09/turn              (no ring)

@: very slow
A: large, see invisible, clever 1, deformed body, frail 1, poison resistance,
slowness 2, slow metabolism 1, spit poison 2, AC +1
a: Breathe Poison Gas


You were on level 3 of the Dungeon.
You were not hungry.

You visited 1 branch of the dungeon, and saw 3 of its levels.

You collected 180 gold pieces.

Inventory:

Hand Weapons
 b - a +2 halberd of venom (weapon)
 l - a +0 spear of piercing
 r - a +0 short sword of draining
Armour
 a - a +0 scale mail (worn)
Jewellery
 m - an uncursed ring of see invisible {unknown}
Wands
 p - a wand of flame (13)
Scrolls
 g - 2 scrolls of enchant armour
 h - 4 scrolls of identify
 i - 2 scrolls of teleportation
 k - a scroll of blinking {unknown}
 n - 3 scrolls of remove curse {unknown}
 o - a scroll of enchant weapon {unknown}
Potions
 c - a potion of might
 f - a potion of flight
Comestibles
 d - 7 rations


   Skills:
 - Level 3.0 Fighting
 - Level 2.4 Armour
   Level 2.4 Shields
 + Level 4.8 Unarmed Combat


You had 3 spell levels left.
You didn't know any spells.
Your spell library was empty.

Dungeon Overview and Level Annotations

Branches:
Dungeon (3/15)

Altars:
Okawaru


Innate Abilities, Weirdness & Mutations

You cannot wear boots.
Your serpentine skin is tough. (AC +1)
You have supernaturally acute eyesight. (SInv)
Armour fits poorly on your strangely shaped body.
Your system is resistant to poisons. (rPois)
You cover ground very slowly.
You have a slow metabolism.
You can exhale a cloud of poison.
Your mind is acute. (Int +2)
You are frail. (-10% HP)


Message History

The orc priest is moderately wounded.
The orc hits you but does no damage. x2
The orc priest hits you but does no damage.
Unknown command.
You barely miss the orc priest.
The orc priest is moderately wounded.
The orc barely misses you.
The orc priest hits you but does no damage.
The orc hits you but does no damage. The orc priest hits you with a +0 club.
* * * LOW HITPOINT WARNING * * *
The orc closely misses you.
The orc priest begins to cast a cantrip, but forgets the words!
You hit the orc priest.
The orc priest is poisoned.
The orc priest is lightly wounded.
The orc barely misses you.
The orc priest looks braver for a moment.
The orc hits you but does no damage. The orc barely misses you.
The orc priest calls down the wrath of Beogh upon you.
Beogh smites you!
You die...

.......#..#.######
#.#.............#.#.....
#.#....#####...####.####
#................##...##
.................>###.##
.........#...#..###.##
##.o........<#.......#
###<.ooo...##.###.###..#
......o@...............#
#..........###.##.#.#..#
.......................#
..#........#.#.##.#....#
####........#.#.##.#.....
............#.#..#.#.....
##......#####......#..###
.........# #......#..#
.........####......#..#


You could see 2 orc priests and 3 orcs.

Vanquished Creatures
  2 gnolls (D:3)
  3 adders
  An ooze (D:1)
  A worm (D:2)
  3 dart slugs
  3 giant cockroaches
  7 goblins
  7 hobgoblins
  3 jackals (D:1)
  3 kobolds (D:1)
  A quokka (D:2)
  2 ball pythons
  4 bats
  A frilled lizard (D:1)
  4 rats
45 creatures vanquished.

Notes
Turn   | Place    | Note
-------+----------+-------------------------------------------
     0 | D:1      | HereIgoKillingAgain the Naga Fighter began the quest for
                  | the Orb.
     0 | D:1      | Reached XP level 1. HP: 21/21 MP: 1/1
   166 | D:1      | Reached XP level 2. HP: 22/28 MP: 2/2
   234 | D:1      | Reached skill level 3 in Unarmed Combat
   738 | D:1      | Reached XP level 3. HP: 28/34 MP: 3/3
  1551 | D:2      | Reached skill level 4 in Unarmed Combat
  1926 | D:2      | Found an iron altar of Okawaru.
  1941 | D:2      | Reached XP level 4. HP: 39/42 MP: 4/4
  2373 | D:3      | Gained mutation: You can exhale a cloud of poison. [potion
                  | of mutation]
  2373 | D:3      | Gained mutation: You are frail. (-10% HP) [potion of
                  | mutation]
  2373 | D:3      | Gained mutation: Your mind is acute. (Int +2) [potion of
                  | mutation]
  2640 | D:3      | Killed from afar by an orc priest

Vault maps used:
D:1:      dpeg_arrival_fog
D:2:      first_ration, serial_bayou_pond_b, okawaru_altar_gauntlet_db
D:3:      kennysheep_generic_room_3

Skill      XL: |  1  2  3 |
---------------+----------+-----
Unarmed Combat | 3 4 |  4.8
Fighting       | |  3.0
Armour         | |  2.4
Shields        | |  2.4

Action                   |  1- 3 |  4- 6 || total
-------------------------+-------+-------++-------
Melee: Unarmed           |   112 |       ||   112
       Short sword       |    17 |    16 ||    33
       Spear             |     6 |       ||     6
       Punch             |     2 |       ||     2
       Halberd           |       |     5 ||     5
Evoke: Wand              |       |     7 ||     7
  Use: Potion            |       |     5 ||     5
       Scroll            |       |     2 ||     2
  Eat: Chunk             |     1 |     3 ||     4
Armor: Scale mail        |    73 |    16 ||    89
Dodge: Dodged            |    63 |    23 ||    86

Table legend:
 A = Non-vault XP
 B = Vault XP
 C = Vault XP percentage of total XP
 D = Non-vault monster count
 E = Vault monster count
 F = Vault count percentage of total count
                 A         B        C        D         E       F
            +---------+---------+-------+---------+---------+-------
      Total |     120 |      29 |  19.5 |      36 |       9 |  20.0
            +---------+---------+-------+---------+---------+-------
        D:1 |      39 |       0 |   0.0 |      20 |       0 |   0.0
        D:2 |      21 |      29 |  58.0 |      11 |       9 |  45.0
        D:3 |      60 |       0 |   0.0 |       5 |       0 |   0.0
            +---------+---------+-------+---------+---------+-------
